 Dungeon Crawl Stone Soup version 0.31-a0-868-g674d60d6f7 (webtiles) character file.

Game seed: 7349348149981976377

1833 CowFu the Destroyer (level 8, 0/67 (68) HPs)
             Began as a Green Draconian Conjurer on Oct 11, 2023.
             Was an Initiate of Hepliaklqana.
             Slain by a gnoll
             ... wielding a +0 club
             ... led by a gnoll bouda
              (4 damage)
             ... on level 5 of the Dungeon.
             The game lasted 00:12:18 (6467 turns).

CowFu the Destroyer (Green Draconian Conjurer)      Turns: 6467, Time: 00:12:18

HP:   0/67 (68)     AC:  6    Str: 15    XL:     8   Next: 86%
MP:   17/20         EV: 13    Int: 20    God:    Hepliaklqana [......]
Gold: 237           SH:  0    Dex: 11    Spells: 8/11 levels left

rFire   . . .        s - +0 quarterstaff
rCold   . . .        (shield currently unavailable)
rNeg    . . .        (body armour unavailable)
rPois   +            (helmet restricted)
rElec   .            (no cloak)
rCorr   .            (no gloves)
SInv    .            (no boots)
Will    .....        (no amulet)
Stlth   ++           h - ring of magical power
HPRegen 0.31/turn    p - +6 ring of strength
MPRegen 0.17/turn

%: no passive effects
@: lightly drained
A: breathe noxious fumes, AC +6, unfitting armour, poison resistance,
cold-blooded
a: Breathe Noxious Fumes, Renounce Religion


You were on level 5 of the Dungeon.
You worshipped Hepliaklqana.
Hepliaklqana was noncommittal.
You visited 2 branches of the dungeon, and saw 8 of its levels.

You collected 237 gold pieces.

Inventory:

Hand Weapons
 s - a +0 quarterstaff (weapon)
Jewellery
 h - a ring of magical power (left hand)
 p - a +6 ring of strength (right hand)
 w - a ring of wizardry
Talismans
 e - a granite talisman
 l - a maw talisman
Wands
 m - a wand of polymorph (12)
Scrolls
 b - a scroll of immolation {unknown}
 c - 2 scrolls of noise
 f - 7 scrolls of identify
 j - a scroll of blinking
 k - a scroll of vulnerability {unknown}
 o - a scroll of acquirement {unknown}
 q - a scroll of fear {unknown}
 u - a scroll of amnesia {unknown}
 v - a scroll of poison {unknown}
Potions
 a - a potion of magic
 d - a potion of brilliance {unknown}
 g - 2 potions of haste {unknown}
 n - a potion of resistance {unknown}
 r - a potion of attraction {unknown}
 t - 2 potions of mutation {unknown}


   Skills:
 + Level 5.0 Fighting
 + Level 4.5 Dodging
 - Level 1.7 Stealth
 - Level 2.0 Spellcasting
 + Level 8.6 Conjurations
 - Level 4.8 Shapeshifting


You had 8 spell levels left.
You knew the following spells:

 Your Spells              Type           Power      Damage    Failure   Level
a - Magic Dart            Conj           100%       1d8       1%          1
b - Searing Ray           Conj           72%        2d7       1%          2

Your spell library contained the following spells:

 Spells                   Type           Power      Damage    Failure   Level
 Dazzling Flash           Conj/Hex       38%        N/A       9%          3
 Fulminant Prism          Conj/Hex       9%         3d6       26%         4
 Iskenderun's Mystic Bla  Conj/Tloc      19%        2d6       26%         4


Dungeon Overview and Level Annotations

Branches:
Dungeon (7/15)             Temple (1/1) D:5

Altars:
Ashenzari
Dithmenos
Elyvilon
Fedhas
Gozag
Hepliaklqana
Kikubaaqudgha
Makhleb
Nemelex Xobeh
Qazlal
Ru
Sif Muna
Trog
Vehumet
Xom
Zin
The Shining One

Shops:
D:6 (


Innate Abilities, Weirdness & Mutations

You can breathe blasts of noxious fumes.
Your lurid green scales are hard. (AC +6)
You cannot fit into any form of body armour.
Your system is resistant to poisons. (rPois)
You are cold-blooded and may be slowed by cold attacks.


Message History

You kill the bullfrog!
Your Fighting skill increases to level 5!
Magic restored.
HP restored.
Done exploring.
You climb downwards.
The wight hits you from afar with a +0 trident.
You feel drained. The yak gores you! The gnoll closely misses you.
The gnoll hits you from afar with a +0 spear!
The wight hits you from afar with a +0 trident!
The yak gores you!
The gnoll bouda gazes fiercely through you!
You feel your attacks grow feeble.
There is a stone staircase leading up, spattered with blood here.
The gnoll closely misses you. The gnoll hits you but does no damage.
The wight hits you from afar with a +0 trident!
* * * LOW HITPOINT WARNING * * *
The yak gores you!
* * * LOW HITPOINT WARNING * * *
You climb upwards.
There is a stone staircase leading down, spattered with blood here.
You see here a bullfrog corpse.
The yak gores you!
* * * LOW HITPOINT WARNING * * *
Casting: Magic Dart (safe; 1% risk of failure)
Confirm with . or Enter, or press ? or * to list all spells.
Aiming: Searing Ray (safe; 1% risk of failure)
Press: ? - help, Shift-Dir - straight line, f - gnoll
Aim: a gnoll, wielding a +0 club (83% to hit)
The searing ray hits the gnoll.
The gnoll is moderately wounded.
The searing ray hits the yak.
The yak is lightly wounded. (Press . to maintain the ray.)
Your attacks no longer feel as feeble.
The gnoll barely misses you.
The searing ray hits the gnoll!
The gnoll is almost dead.
The searing ray misses the yak.
The gnoll hits you with a +0 club.
You die...

.# ####### .# #.....# .##
########.....#
..######............#
.........######.)...#
.##...#### #..>..#
.####.# #.Y...# ..###.#
###g####
...##.########..@.#
.#..#.............#######
.....#####.##...........#
#.......................#
.....##.#..#............#
......#.#.##......#######
#...#.............#
.........#........#
.#....##.....######


You could see a yak and a gnoll.

Vanquished Creatures
  A black bear (D:6)
  An ogre (D:4)
  2 centaurs (D:4)
  2 phantoms (D:4)
  A bullfrog (D:5)
  A scorpion (D:4)
  4 wights (D:6)
  A killer bee (D:4)
  2 howler monkeys
  5 hounds
  2 jellies
  2 orc priests (D:5)
  A gnoll bouda (D:5)
  Jessica (D:3)
  2 sleepcaps (D:5)
  Natasha (thrice) (D:3)
  4 iguanas
  An orc wizard (D:3)
  6 gnolls
  11 adders
  8 white imps
  5 ufetubi
  2 worms
  A dart slug (D:3)
  11 orcs
  5 bats
  7 endoplasms
  5 giant cockroaches
  5 goblins
  7 hobgoblins
  3 jackals (D:2)
  5 quokkas
  5 ball pythons
  5 frilled lizards
  8 kobolds
  4 rats
139 creatures vanquished.

Notes
Turn   | Place    | Note
-------+----------+-------------------------------------------
     0 | D:1      | CowFu the Draconian Conjurer began the quest for the Orb.
     0 | D:1      | Reached XP level 1. HP: 14/14 MP: 3/3
   365 | D:1      | Reached XP level 2. HP: 20/20 MP: 1/5
  1125 | D:2      | Reached skill level 1 in Shapeshifting
  1125 | D:2      | Reached XP level 3. HP: 23/26 MP: 6/6
  1496 | D:2      | Reached skill level 5 in Conjurations
  1785 | D:2      | Reached XP level 4. HP: 33/33 MP: 7/7
  2255 | D:3      | Noticed Jessica
  2262 | D:3      | Killed Jessica
  2263 | D:3      | Reached XP level 5. HP: 38/38 MP: 8/8
  2570 | D:3      | Noticed Natasha
  2575 | D:3      | Killed Natasha
  2599 | D:3      | Noticed Natasha
  2606 | D:3      | Killed Natasha
  3032 | D:3      | Noticed Natasha
  3038 | D:3      | Killed Natasha
  3070 | D:3      | Learned a level 2 spell: Searing Ray
  3135 | D:4      | Noticed an ogre
  3142 | D:4      | Killed an ogre
  3143 | D:4      | Reached skill level 6 in Conjurations
  3143 | D:4      | Reached XP level 6. HP: 11/45 MP: 9/9
  3452 | D:4      | Your scales start taking on a lurid green colour.
  3452 | D:4      | Reached XP level 7. HP: 32/50 MP: 0/10
  3452 | D:4      | Gained mutation: Your system is resistant to poisons.
                  | (rPois) [Green Draconian growth]
  3615 | D:4      | Reached skill level 7 in Conjurations
  3840 | D:4      | Found a sacrificial altar of Ru.
  4011 | D:4      | Reached skill level 1 in Fighting
  4498 | D:4      | Found a radiant altar of Vehumet.
  4500 | D:4      | Found a white marble altar of Elyvilon.
  4662 | D:5      | Entered Level 5 of the Dungeon
  4677 | D:5      | Reached XP level 8. HP: 62/62 MP: 10/11
  5043 | D:5      | Found an ancient bone altar of Kikubaaqudgha.
  5517 | D:5      | Found a staircase to the Ecumenical Temple.
  5584 | Temple   | Entered the Ecumenical Temple
  5600 | Temple   | Became a worshipper of Hepliaklqana the Forgotten
  5690 | D:5      | Reached skill level 8 in Conjurations
  6273 | D:6      | Found Penofaesh's Antique Weapon Shop.
  6310 | D:5      | Reached skill level 5 in Fighting
  6464 | D:5      | HP: 3/67 [yak (10)]
  6467 | D:5      | Slain by a gnoll

Illustrated notes

Levels and vault maps discovered:
D:1:      sevenhm_arrival_forest_fort_large_2, layout_rooms,
          chequers_serial_rivers_micro_e, minmay_misc_feat_tiny,
          minmay_pentomino_v4
D:2:      layout_loops_corners, minmay_misc_feat_roman
D:3:      layout_loops_ring, st_stairs_14,
          wander_ebering_terrifying_dragon_lair, uniq_natasha, uniq_jessica
D:4:      layout_basic, minitemple, mainiacjoe_overflow_tiny_flanked,
          nzn_random_ring
D:5:      layout_rooms, nicolae_kikubaaqudgha_miasma_corner,
          minmay_temple_entry_statues_fountains, serial_demonic,
          serial_demonic_d, serial_demonic_c, serial_demonic_g,
          serial_demonic_f, st_stairs_9
D:6:      layout_basic, serial_shops, shop, shop, nicolae_shop_back_alley_shop,
          kennysheep_mini_moat, shop, nicolae_shop_gadgets
D:7:      layout_rooms, serial_shops, shop, minmay_misc_feat_doors
Temple:   nicolae_temple_bog_church

Skill      XL: |  1  2  3  4  5  6  7  8 |
---------------+-------------------------+-----
Shapeshifting  | 1 2 3 4 |  4.8
Conjurations   | 5 6 7 8 |  8.6
Dodging        | 2 4 |  4.5
Fighting       | 2 5 |  5.0
Stealth        | |  1.7
Spellcasting   | |  2.0

Action                     |  1- 3 |  4- 6 |  7- 9 || total
---------------------------+-------+-------+-------++-------
  Melee: Rapier            |     3 |     5 |     5 ||    13
         Tailslap          |       |     1 |     1 ||     2
         Quarterstaff      |       |       |     9 ||     9
   Cast: Magic Dart        |    78 |    87 |   194 ||   359
         Searing Ray       |       |     6 |    25 ||    31
    Use: Scroll            |       |       |     4 ||     4
         Potion            |       |       |     1 ||     1
 Armour: Skin              |    14 |    16 |   122 ||   152
  Dodge: Dodged            |    16 |    22 |   111 ||   149

Table legend: (Time is in decaauts)
 A = Elapsed time spent in this place.
 B = Non-inter-level travel time spent in this place.
 C = Inter-level travel time spent in this place.
 D = Time resting spent in this place.
 E = Time spent auto-exploring this place.
 F = Levels seen in this place.
 G = Mean time per level.
                   A        B        C        D        E       F      G
               +--------+--------+--------+--------+--------+-----+--------+
         Total |   6499 |   6322 |    177 |      0 |   5397 |   8 |  812.4 |
       Dungeon |   6466 |   6319 |    147 |      0 |   5397 |   7 |  923.7 |
        Temple |     32 |      2 |     30 |      0 |      0 |   1 |   32.0 |
               +--------+--------+--------+--------+--------+-----+--------+

Top non-repeatable levels by time:
     D:4: 1792 daAuts
     D:5: 1273 daAuts
     D:2: 1200 daAuts
     D:3: 1080 daAuts
     D:1: 848 daAuts
     D:6: 259 daAuts
  Temple: 32 daAuts
     D:7: 10 daAuts
